 Dungeon Crawl Stone Soup version 0.28.0-53-g5a82cb258f (webtiles) character file.

Game seed: 17926008025298428275

21 LynnLen the Sneak (level 2, 0/19 HPs)
             Began as a Vampire Enchanter on Aug 9, 2022.
             Constricted to death by a ball python (1 damage)
             ... on level 1 of the Dungeon.
             The game lasted 00:01:23 (613 turns).

LynnLen the Sneak (Vampire Enchanter)                Turns: 613, Time: 00:01:23

Health: 0/19       AC:  2    Str:  7    XL:     2   Next: 65%
Magic:  5/5        EV:  9    Int: 17    God:
Gold:   25         SH:  0    Dex: 14    Spells: 5/5 levels left

rFire   . . .      SeeInvis +   a - +1 dagger
rCold   . . .      Faith    .   (no shield)
rNeg    . . .      Spirit   .   b - +0 robe
rPois   .          Reflect  .   (no helmet)
rElec   .          Harm     .   (no cloak)
rCorr   .          Rampage  .   (no gloves)
Will    .....                   (no boots)
Stlth   +++.......              (no amulet)
HPRegen 0.26/turn               (no ring)
MPRegen 0.09/turn               (no ring)

@: healing quickly, constricted
A: alive, fangs 3, see invisible, vampiric 1
a: Exsanguinate


You were on level 1 of the Dungeon.
You visited 1 branch of the dungeon, and saw 1 of its levels.

You collected 25 gold pieces.

Inventory:

Hand Weapons
 a - a +1 dagger (weapon)
Missiles
 d - 6 poisoned darts (quivered)
 e - 38 stones
Armour
 b - a +0 robe (worn)
Scrolls
 g - a scroll of brand weapon {unknown}
Potions
 c - a potion of invisibility
 f - a potion of magic {unknown}


   Skills:
 * Level 2.5 Short Blades
 - Level 2.1 Dodging
 + Level 5.0 Stealth
 - Level 2.0 Spellcasting
 - Level 4.4 Hexes


You had 5 spell levels left.
You didn't know any spells.
Your spell library contained the following spells:

 Spells                   Type           Power      Damage    Failure   Level
 Confusing Touch          Hex            16%        N/A       10%         3
 Tukima's Dance           Hex            16%        N/A       10%         3
 Ensorcelled Hibernation  Hex/Ice        18%        N/A       12%         2
 Dazzling Flash           Conj/Hex       18%        N/A       24%         3


Dungeon Overview and Level Annotations

Branches:
Dungeon (1/15)

Altars:


Innate Abilities, Weirdness & Mutations

Your natural rate of healing is accelerated.
You have razor-sharp teeth.
You have supernaturally acute eyesight. (SInv)
You are afflicted with vampirism.


Message History

You closely miss the quokka.
The quokka is severely wounded.
The quokka misses you.
You hit the quokka.
You kill the quokka!
You see here a quokka corpse.
You see here a +0 leather armour.
A ball python comes into view.
A frilled lizard comes into view.
The frilled lizard hisses angrily.
The ball python bites you. The ball python closely misses you.
The ball python barely misses you. The ball python closely misses you.
You hit the ball python.
The ball python is severely wounded.
The ball python bites you. The ball python grabs you.
The ball python constricts you.
You barely miss the ball python.
The ball python is severely wounded.
The ball python bites you. The ball python constricts you.
You barely miss the ball python.
The ball python is severely wounded.
The ball python bites you. The ball python constricts you.
You barely miss the ball python.
The ball python is moderately wounded.
The ball python bites you. The ball python constricts you.
You closely miss the ball python.
The ball python is moderately wounded.
The ball python bites you. The ball python constricts you.
You hit the ball python.
The ball python is severely wounded.
The ball python bites you.
* * * LOW HITPOINT WARNING * * *
The ball python constricts you. The frilled lizard bites you.
* * * LOW HITPOINT WARNING * * *
You hit the ball python but do no damage.
The ball python is severely wounded.
The ball python bites you.
* * * LOW HITPOINT WARNING * * *
The ball python constricts you.
You die...

#.### #.# ....##
#.##.# ..##.##
#.. .. #.###.#
#l# .#
#.[##.######
#.##.#
...........#
#.#..
...........#
#.#.#
...........#
#.#S###.#
...........#
#.l@....#
...........#
#.#######
#..........# #.#
.#.........# #.#
..#.......## #.#
<..#......# #.#
...#......####.#
...#...........#
..#........#####


You could see a ball python and a frilled lizard.

Vanquished Creatures
  A ball python (D:1)
  4 giant cockroaches (D:1)
  A kobold (D:1)
  3 quokkas (D:1)
  A bat (D:1)
  2 frilled lizards (D:1)
  5 goblins (D:1)
  A rat (D:1)
18 creatures vanquished.

Notes
Turn   | Place    | Note
-------+----------+-------------------------------------------
     0 | D:1      | LynnLen the Vampire Enchanter began the quest for the Orb.
     0 | D:1      | Reached XP level 1. HP: 13/13 MP: 3/3
   214 | D:1      | Reached XP level 2. HP: 19/19 MP: 5/5
   365 | D:1      | Found a faded altar of an unknown god.
   416 | D:1      | Reached skill level 5 in Stealth
   613 | D:1      | Constricted to death by a ball python

Illustrated notes

Levels and vault maps discovered:
D:1:      dpeg_arrival_solitude, layout_loops_cross,
          chequers_ecumenical_altar_grove

Skill      XL: |  1  2 |
---------------+-------+-----
Short Blades   | 2 |  2.5
Stealth        | 5 |  5.0
Dodging        | |  2.1
Spellcasting   | |  2.0
Hexes          | |  4.4

Action                   || total
-------------------------++-------
Melee: Dagger            ||    70
       Bite              ||     6
 Stab: Sleeping          ||    10
Armor: Robe              ||    10
Dodge: Dodged            ||    33
